AoeStats
← FarWhistle86911

MegaRandom

509428449Analyzed
2v2 RM · 6d ago on Sep 26, 2026· 28m 25s· 4 players
Game mode
Random Map
Map size
Medium (4 player)
Population
200
Speed
Normal
Resources
Standard
Victory
Conquest
Starting age
Dark Age
Ending age
Imperial Age
RankedLock teamsTeams togetherTeam positionsShared explorationLock speedFull tech treeHidden civsTurbo modeCheats
Victory
Defeat
🇨🇱 Burgundians · Chile
687
+14
🇨🇱 Danes · Chile
661
+15
🇺🇸 Huns · United States
680
-17
🇺🇸 Teutons · United States
583
-12
K ingaete 6787
10:39 Feudal Age
15:14 Scale Barding Armor
16:03 Man-at-Arms
17:42 Horse Collar
18:47 Double-Bit Axe
21:20 Heavy Plow
25:14 Castle Age
27:23 Light Cavalry
nohacenadi3489
11:50 Feudal Age
17:47 Castle Age
FarWhistle86911
4:19 Loom
12:41 Feudal Age
14:06 Wheelbarrow
13:31 Double-Bit Axe
13:59 Horse Collar
22:44 Arson
24:36 Scale Mail Armor
29:28 Castle Age
unknown_ab
6:12 Loom
11:10 Feudal Age
21:27 Wheelbarrow
21:00 Double-Bit Axe
21:01 Man-at-Arms
Connection lost

Rejoining the realm…

Still unreachable

The connection could not be restored.

Session expired

The server has moved on; the page needs a fresh start.